 Dungeon Crawl Stone Soup version 0.18-a0-626-geb0fed7 (webtiles) character file.

65 Proton the Skirmisher (level 3, -3/29 HPs)
             Began as a Demonspawn Abyssal Knight on Dec 4, 2015.
             Was a Priest of Lugonu.
             Killed from afar by Terence (6 damage)
             ... with a wand of frost
             ... on level 1 of the Dungeon.
             The game lasted 00:05:19 (2720 turns).

Proton the Skirmisher (Demonspawn Abyssal Knight)   Turns: 2720, Time: 00:05:19

Health: -3/29      AC:  4    Str: 13    XL:     3   Next: 94%
Magic:  5/5        EV:  9    Int: 13    God:    Lugonu [***...]
Gold:   125        SH:  6    Dex: 12    Spells: 0 memorised, 2 levels left

rFire  . . .     SeeInvis .     a - +1 falchion
rCold  . . .     Clarity  .     b - +0 leather armour
rNeg   . . .     SustAt   .     j - +0 shield
rPois  .         Gourm    .     c - +0 helmet
rElec  .         Spirit   .     (no cloak)
rCorr  .         Dismiss  .     (no gloves)
rMut   .         Stasis   .     (no boots)
MR     .....                    (no amulet)
Stlth  +.........               (no ring)
                                (no ring)

@: not resistant to hostile enchantments, very unstealthy
A: claws 1
a: Depart the Abyss, Bend Space, Banish, Renounce Religion


You were on level 1 of the Dungeon.
You worshipped Lugonu.
Lugonu was most pleased with you.
You were not hungry.

You visited 1 branch of the dungeon, and saw 2 of its levels.
You visited the Abyss 1 time.

You collected 125 gold pieces.

Inventory:

Hand Weapons
 a - a +1 falchion (weapon)
Armour
 b - a +0 leather armour (worn)
 c - a +0 helmet (worn)
 j - a +0 shield (worn)
Scrolls
 d - 2 scrolls of identify {unknown}
 h - a scroll of enchant armour {unknown}
 k - a scroll of recharging {unknown}
Potions
 e - 2 potions of curing {unknown}
 f - a potion of brilliance {unknown}
 i - 2 potions of cure mutation {unknown}
 l - a potion of degeneration {unknown}
Comestibles
 g - 2 fruits


   Skills:
 + Level 3.4 Fighting
 - Level 1.7 Long Blades
 + Level 2.4 Armour
 + Level 1.9 Dodging
 + Level 3.4 Invocations


You had 2 spell levels left.
You didn't know any spells.

Dungeon Overview and Level Annotations

Branches:
Dungeon (2/15)

Altars:
Elyvilon

Annotations:
D:1 Terence


Innate Abilities, Weirdness & Mutations

You have sharp fingernails.


Message History

Terence zaps a wand.
The puff of frost misses you.
Things that are here:
an animal skin; a club Terence zaps a wand.
The puff of frost hits you!
* * * LOW HITPOINT WARNING * * *
There is an open door here.
Terence shouts, "Now you die!"
There is an open door here.
There is an open door here.
Terence says, "Time to say good-bye..."
Which direction?
As you close the door, it creaks loudly!
Terence opens the door.
There is an open door here.
You close the door.
You open the door. You hit Terence.
Terence is moderately wounded.
Terence zaps a wand.
The puff of frost hits you!
You die...

#....# #..##......#.##....
#....# ##)######..#.##....
#....# #.# #..#.##.... #....#
#'# #..#'##.... ######....#
#.# #.....##### ......##..#
##'## #.....#
......##).#####...#####.....#
......##..).'.'.<.'.'.'.....#
......##..#####.@.#####.#...#
......##......##@#####......#
...)..#.....g..#.# #........#
......#....###.#'# #........#
......+....+...#.###.().....#
......#....###.#'#.'..>.....#
#######....# #.....#.[.)....#
#....# #######........#
###### #........#


You could see Terence.

Vanquished Creatures
  Robin (D:1)
  A giant gecko (D:1)
  A ball python (D:1)
  2 giant cockroaches
  13 hobgoblins
  2 jackals (D:2)
  6 kobolds
  2 bats (D:2)
  3 giant newts (D:1)
  13 goblins
  6 rats
50 creatures vanquished.

Notes
Turn   | Place    | Note
--------------------------------------------------------------
     0 | Abyss:1  | Proton the Demonspawn Abyssal Knight began the quest for the Orb.
     0 | Abyss:1  | Reached XP level 1. HP: 18/18 MP: 2/2
    20 | Abyss:1  | Found a basalt altar of Yredelemnul.
    65 | D:1      | Escaped the Abyss
   110 | D:1      | Reached skill level 1 in Dodging
   229 | D:1      | Gained mutation: You have sharp fingernails. [demonic ancestry]
   229 | D:1      | Reached XP level 2. HP: 17/24 MP: 4/4
   570 | D:1      | Reached ** piety under Lugonu
  1256 | D:2      | Reached XP level 3. HP: 29/29 MP: 5/5
  1300 | D:2      | Noticed Robin
  1621 | D:1      | Killed Robin
  2231 | D:2      | Found a white marble altar of Elyvilon.
  2264 | D:2      | Reached *** piety under Lugonu
  2378 | D:2      | Noticed Terence
  2720 | D:1      | Killed from afar by Terence

Vault maps used:
D:1:      minmay_arrival_doors
D:2:      elyvilon_altar_3, uniq_robin, uniq_terence

Action                   || total
-------------------------++-------
Melee: Falchion          ||   191
  Eat: Bread ration      ||     1
       Meat ration       ||     1
